 Dungeon Crawl Stone Soup version 0.19-a0-1899-g2d93087 (webtiles) character file.

104 Amnesiac the Chopper (level 4, 0/41 HPs)
             Began as a Hill Orc Berserker on Oct 19, 2016.
             Was a Believer of Trog.
             Succumbed to an adder's poison
             ... on level 3 of the Dungeon.
             The game lasted 00:02:02 (478 turns).

Amnesiac the Chopper (Hill Orc Berserker)            Turns: 478, Time: 00:02:03

Health: 0/41       AC:  5    Str: 19    XL:     4   Next: 80%
Magic:  4/4        EV: 11    Int:  7    God:    Trog [**....]
Gold:   24         SH:  0    Dex: 11    Spells: 0 memorised, 3 levels left

rFire  . . .     SeeInvis .     b - +1 hand axe (elec)
rCold  . . .     Gourm    .     i - +0 ring mail
rNeg   . . .     Faith    .     (no shield)
rPois  .         Spirit   .     (no helmet)
rElec  .         Reflect  .     (no cloak)
rCorr  .         Harm     .     (no gloves)
MR     .....                    (no boots)
Stlth  +.........               (no amulet)
                                (no ring)
                                (no ring)

@: lethally poisoned (0 -> -5), exhausted
A: no striking features
a: Berserk, Trog's Hand, Burn Spellbooks, Renounce Religion


You were on level 3 of the Dungeon.
You worshipped Trog.
Trog was pleased with you.
You were not hungry.

You visited 1 branch of the dungeon, and saw 3 of its levels.

You collected 24 gold pieces.

Inventory:

Hand Weapons
 a - a +0 hand axe
 b - a +1 hand axe of electrocution (weapon)
Armour
 i - a +0 ring mail (worn)
Comestibles
 c - a bread ration
 f - a meat ration
 g - 2 chunks of flesh
 h - 2 fruits


   Skills:
 + Level 4.8 Fighting
 * Level 6.1 Axes
 - Level 2.1 Armour
 - Level 1.5 Dodging


You had 3 spell levels left.
You didn't know any spells.

Dungeon Overview and Level Annotations

Branches:
Dungeon (3/15)

Altars:


Message History

The adder is lightly wounded.
The adder bites you but does no damage.
You hit the adder.
The adder is heavily wounded.
* * * LOW HITPOINT WARNING * * *
You feel sick. The adder barely misses you.
You miss the adder.
The adder is heavily wounded.
The adder bites you but does no damage.
You hit the adder but do no damage.
The adder is heavily wounded.
The adder closely misses you. The adder bites you.
* * * LOW HITPOINT WARNING * * *
You are more poisoned.
The adder poisons you!
You slash the adder!
You kill the adder!
Trog accepts your kill.
You can now call upon Trog for regeneration and protection from hostile enchantments.
You die...

#[##..# ##)####..#
#.###.####[))....# #.#
*.##.......### #.#
*.###...##### #.#
*.#*#.#.)...## #>#
*..*#.#####... #.#
*#.*#<<,,*#### #.# *.*..**,**
# #@#***,,.#**,,****
#.#*,,,.!* **,,,,*
*#..,,**,,* ****,*
***.(.#****,** ***,,
****,,..## *,,****,,,,
****,,,,##.#** **,**,,,***
***,,,,**,,...,****,,,,,***
*,,,,,,,,,,?..,,,,,,,,,,,***#
*********,,,,,,,*****,*,,,,,.


There were no monsters in sight!

Vanquished Creatures
  An orc wizard (D:3)
  Natasha (D:3)
  2 adders (D:3)
  2 worms (D:3)
  A leopard gecko (D:3)
  5 orcs (D:3)
  A giant cockroach (D:3)
  2 goblins (D:3)
  2 hobgoblins (D:3)
  2 jackals (D:3)
  A quokka (D:3)
  2 bats
  2 rats
24 creatures vanquished.

Notes
Turn   | Place    | Note
-------+----------+-------------------------------------------
     0 | D:1      | Amnesiac the Hill Orc Berserker began the quest for the Orb.
     0 | D:1      | Reached XP level 1. HP: 19/19 MP: 1/1
   154 | D:3      | Noticed an orc wizard
   160 | D:3      | Killed an orc wizard
   160 | D:3      | Reached skill level 5 in Axes
   160 | D:3      | Reached XP level 2. HP: 23/27 MP: 2/2
   160 | D:3      | Reached XP level 3. HP: 29/33 MP: 3/3
   364 | D:3      | Noticed Natasha
   379 | D:3      | Killed Natasha
   379 | D:3      | Reached XP level 4. HP: 14/41 MP: 4/4
   449 | D:3      | Reached skill level 6 in Axes
   477 | D:3      | HP: 1/41 [adder (2)]
   478 | D:3      | Reached ** piety under Trog
   478 | D:3      | Succumbed to an adder's poison

Vault maps used:
D:1:      minmay_arrival_jagged
D:2:      nicolae_overflow_quartered_altars, amethyst_overflow_temple_binary,
          uniq_iyjb
D:3:      first_bread, uniq_natasha

Skill      XL: |  1  2  3  4 |
---------------+-------------+-----
Fighting       | 4 |  4.8
Axes           | 5 6 |  6.1
Armour         | |  2.1
Dodging        | |  1.5

Action                   |  1- 3 |  4- 6 || total
-------------------------+-------+-------++-------
Melee: Hand axe          |    52 |    28 ||    80
Invok: Berserk           |     2 |     1 ||     3
  Use: Scroll            |       |     2 ||     2
  Eat: Chunk             |       |     2 ||     2
Armor: Animal skin       |    11 |       ||    11
       Ring mail         |       |     6 ||     6
Dodge: Dodged            |    28 |    14 ||    42
